[ AOE2 MATCH · #507596084 ]
UnrankedVikings vs Lithuanians
Player's team · WIN
[ REPLAY ANALYSIS · EXTRACTED FROM THE RECORDED GAME ]
Feudal
11:35
Castle
21:02
Imperial
35:32
| APM avg | 61.2 |
| APM peak | 123 |
| eAPM avg | 29.5 |
| Villagers / military | 168 / 252 |
Focus
⚔️ 46.2% · 🌾 53.8%
Militia ×108 · Archer ×67 · Skirmisher ×34 · Battering Ram ×27 · Mangonel ×7 · Monk ×3
Feudal
8:25
Castle
19:23
Imperial
37:44
| APM avg | 76.7 |
| APM peak | 107 |
| eAPM avg | 38.7 |
| Villagers / military | 262 / 196 |
Focus
⚔️ 52.1% · 🌾 47.9%
Skirmisher ×97 · Hand Cannoneer ×43 · Archer ×34 · Bombard Cannon ×10 · Mangonel ×6 · Monk ×3
Match map
Initial resources + every placement click. Lines = walls · curves = elevation contours. ◆ gold · ⬟ stone · ● berries · ✦ relic · ◌ wall gap
Your base· ✓ Closed at 21:02 · 50t walls · 1 gate(s)
RD | Kiko's base· Open — unwalled flank
Smoothed initial terrain · ◌ = detected wall gap · hover for details
Inputs per minute
— Gabi - - RD | Kiko
Build order — Gabi
First 150 of 685 actions detected
| 0:01 | Create | Villager (Male) |
| 0:02 | Build | House |
| 0:03 | Build | House |
| 0:26 | Create | Villager (Male) |
| 0:27 | Create | Villager (Male) |
| 0:40 | Create | Villager (Male) |
| 1:33 | Create | Villager (Male) |
| 1:58 | Create | Villager (Male) |
| 2:00 | Build | Barracks |
| 2:28 | Create | Villager (Male) |
| 2:52 | Create | Villager (Male) |
| 3:10 | Create | Militia |
| 3:22 | Create | Villager (Male) |
| 3:22 | Create | Villager (Male) |
| 3:24 | Build | House |
| 3:28 | Build | House |
| 3:37 | Create | Militia |
| 3:49 | Create | Villager (Male) |
| 4:04 | Create | Militia |
| 4:18 | Create | Villager (Male) |
| 4:32 | Build | House |
| 4:46 | Create | Villager (Male) |
| 5:01 | Create | Villager (Male) |
| 5:08 | Create | Villager (Male) |
| 5:16 | Create | Villager (Male) |
| 5:36 | Create | Villager (Male) |
| 6:02 | Create | Villager (Male) |
| 6:11 | Create | Villager (Male) |
| 6:23 | Create | Villager (Male) |
| 7:06 | Build | Lumber Camp |
| 7:13 | Build | House |
| 8:07 | Create | Villager (Male) |
| 8:31 | Create | Villager (Male) |
| 8:38 | Build | Mill |
| 8:56 | Research | Loom |
| 9:09 | Research | Feudal Age |
| 9:13 | Build | House |
| 9:17 | Build | Palisade Wall |
| 9:21 | Build | Palisade Wall |
| 9:28 | Build | Palisade Wall |
| 9:34 | Build | Farm |
| 9:39 | Build | Farm |
| 9:50 | Build | Palisade Wall |
| 10:02 | Build | Palisade Gate |
| 10:05 | Build | Palisade Wall |
| 10:15 | Build | Lumber Camp |
| 10:24 | Build | Palisade Wall |
| 10:48 | Build | Palisade Wall |
| 11:03 | Build | Palisade Wall |
| 11:12 | Build | Palisade Wall |
| 11:27 | Build | House |
| 11:35 | Age | Feudal Age |
| 11:38 | Build | Mining Camp |
| 11:39 | Create | Villager (Male) |
| 11:47 | Research | Double-Bit Axe |
| 12:01 | Create | Villager (Male) |
| 12:11 | Build | Archery Range |
| 12:21 | Create | Villager (Male) |
| 12:30 | Research | Man-at-Arms (upgrade) |
| 12:42 | Create | Villager (Male) |
| 12:50 | Build | Farm |
| 12:57 | Create | Skirmisher |
| 12:58 | Create | Skirmisher |
| 13:01 | Build | House |
| 13:08 | Create | Skirmisher |
| 13:19 | Build | Farm |
| 13:20 | Create | Villager (Male) |
| 13:20 | Create | Villager (Male) |
| 13:33 | Build | Farm |
| 13:36 | Build | Farm |
| 13:40 | Create | Villager (Male) |
| 13:40 | Create | Villager (Male) |
| 13:46 | Create | Skirmisher |
| 13:46 | Create | Skirmisher |
| 14:02 | Build | Blacksmith |
| 14:11 | Create | Villager (Male) |
| 14:12 | Create | Skirmisher |
| 14:24 | Build | House |
| 14:31 | Create | Skirmisher |
| 14:39 | Create | Villager (Male) |
| 14:40 | Build | Farm |
| 14:50 | Create | Archer |
| 14:52 | Research | Fletching |
| 15:00 | Create | Archer |
| 15:04 | Build | Farm |
| 15:13 | Build | Farm |
| 15:14 | Create | Villager (Male) |
| 15:28 | Create | Villager (Male) |
| 15:33 | Build | Farm |
| 15:48 | Build | Farm |
| 15:53 | Create | Archer |
| 15:57 | Create | Villager (Male) |
| 16:16 | Build | Farm |
| 16:21 | Create | Villager (Male) |
| 16:33 | Create | Villager (Male) |
| 16:35 | Build | Farm |
| 16:38 | Build | Market |
| 16:41 | Build | House |
| 16:46 | Create | Archer |
| 16:47 | Create | Archer |
| 16:48 | Create | Villager (Male) |
| 17:12 | Create | Villager (Male) |
| 17:13 | Build | Farm |
| 17:34 | Create | Archer |
| 17:38 | Build | Archery Range |
| 17:51 | Create | Villager (Male) |
| 18:22 | Research | Castle Age |
| 18:27 | Build | Farm |
| 18:33 | Create | Skirmisher |
| 18:33 | Create | Skirmisher |
| 18:40 | Create | Skirmisher |
| 18:42 | Build | Farm |
| 18:59 | Create | Skirmisher |
| 19:11 | Research | Padded Archer Armor |
| 19:20 | Create | Skirmisher |
| 19:25 | Build | Palisade Wall |
| 19:27 | Build | House |
| 19:54 | Create | Skirmisher |
| 19:55 | Create | Skirmisher |
| 20:28 | Create | Skirmisher |
| 20:29 | Create | Skirmisher |
| 20:29 | Create | Skirmisher |
| 20:48 | Create | Skirmisher |
| 20:53 | Research | Gold Mining |
| 21:02 | Age | Castle Age |
| 21:05 | Research | Elite Skirmisher (upgrade) |
| 21:06 | Create | Villager (Male) |
| 21:08 | Build | Monastery |
| 21:12 | Build | Palisade Wall |
| 21:18 | Research | Crossbowman (upgrade) |
| 21:20 | Create | Archer |
| 21:20 | Create | Archer |
| 21:40 | Build | Farm |
| 21:43 | Research | Bodkin Arrow |
| 21:44 | Create | Villager (Male) |
| 21:51 | Build | House |
| 21:58 | Create | Villager (Male) |
| 22:08 | Create | Monk |
| 22:15 | Build | House |
| 22:22 | Create | Archer |
| 22:23 | Create | Archer |
| 22:23 | Create | Archer |
| 22:24 | Create | Villager (Male) |
| 22:34 | Create | Villager (Male) |
| 22:36 | Build | House |
| 22:48 | Create | Villager (Male) |
| 22:54 | Create | Villager (Male) |
| 23:06 | Create | Villager (Male) |
| 23:10 | Create | Archer |
| 23:17 | Build | University |
Build order — RD | Kiko
First 150 of 718 actions detected
| 0:00 | Create | Villager (Male) |
| 0:01 | Create | Villager (Male) |
| 0:02 | Build | House |
| 0:03 | Build | House |
| 0:07 | Create | Villager (Male) |
| 0:07 | Create | Villager (Male) |
| 0:09 | Create | Villager (Male) |
| 0:13 | Create | Villager (Male) |
| 0:14 | Create | Villager (Male) |
| 1:28 | Create | Villager (Male) |
| 1:57 | Build | Lumber Camp |
| 2:34 | Create | Villager (Male) |
| 2:34 | Create | Villager (Male) |
| 2:34 | Create | Villager (Male) |
| 3:04 | Create | Villager (Male) |
| 3:24 | Build | House |
| 3:35 | Create | Villager (Male) |
| 3:45 | Build | House |
| 3:56 | Create | Villager (Male) |
| 4:09 | Create | Villager (Male) |
| 4:55 | Create | Villager (Male) |
| 5:12 | Build | Mining Camp |
| 5:26 | Build | Palisade Wall |
| 5:41 | Research | Loom |
| 6:13 | Research | Feudal Age |
| 6:25 | Build | Palisade Wall |
| 6:26 | Build | Palisade Wall |
| 6:35 | Build | Palisade Wall |
| 6:37 | Build | Palisade Wall |
| 6:38 | Build | Palisade Wall |
| 6:51 | Create | Villager (Male) |
| 7:12 | Build | Palisade Wall |
| 7:13 | Build | Palisade Wall |
| 7:40 | Build | Barracks |
| 8:25 | Age | Feudal Age |
| 8:27 | Create | Villager (Male) |
| 8:32 | Build | Archery Range |
| 8:37 | Research | Double-Bit Axe |
| 8:39 | Create | Villager (Male) |
| 9:12 | Build | House |
| 9:17 | Create | Archer |
| 9:17 | Create | Archer |
| 9:32 | Create | Villager (Male) |
| 9:33 | Build | House |
| 9:34 | Build | Palisade Wall |
| 9:36 | Create | Villager (Male) |
| 9:59 | Build | House |
| 10:01 | Build | Palisade Wall |
| 10:04 | Build | Lumber Camp |
| 10:04 | Create | Villager (Male) |
| 10:11 | Create | Archer |
| 10:15 | Build | Palisade Wall |
| 10:16 | Build | Palisade Wall |
| 10:22 | Create | Villager (Male) |
| 10:38 | Build | Mill |
| 10:49 | Create | Villager (Male) |
| 11:06 | Create | Archer |
| 11:08 | Create | Villager (Male) |
| 11:17 | Build | Farm |
| 11:23 | Create | Villager (Male) |
| 11:32 | Build | Farm |
| 11:43 | Build | Farm |
| 11:47 | Create | Villager (Male) |
| 11:48 | Build | Farm |
| 11:55 | Create | Archer |
| 11:56 | Create | Archer |
| 11:58 | Build | Palisade Wall |
| 12:11 | Create | Villager (Male) |
| 12:13 | Build | Farm |
| 12:23 | Create | Archer |
| 12:28 | Build | House |
| 12:29 | Create | Villager (Male) |
| 12:36 | Create | Archer |
| 12:48 | Create | Villager (Male) |
| 12:51 | Build | Farm |
| 12:59 | Build | Farm |
| 13:00 | Create | Villager (Male) |
| 13:00 | Create | Archer |
| 13:28 | Build | Farm |
| 13:31 | Build | Farm |
| 13:36 | Create | Villager (Male) |
| 13:45 | Create | Archer |
| 13:49 | Create | Villager (Male) |
| 13:52 | Build | House |
| 14:08 | Build | Blacksmith |
| 14:14 | Create | Archer |
| 14:15 | Create | Villager (Male) |
| 14:29 | Build | House |
| 14:30 | Build | House |
| 14:39 | Create | Archer |
| 14:45 | Build | Farm |
| 14:57 | Build | House |
| 15:27 | Build | Farm |
| 15:31 | Build | Farm |
| 15:39 | Create | Archer |
| 16:10 | Build | Market |
| 16:22 | Create | Archer |
| 16:43 | Research | Castle Age |
| 16:43 | Research | Castle Age |
| 16:48 | Build | Stable |
| 16:59 | Create | Archer |
| 17:25 | Research | Fletching |
| 17:28 | Create | Archer |
| 17:44 | Create | Archer |
| 18:15 | Build | Archery Range |
| 18:21 | Create | Archer |
| 18:24 | Research | Gold Mining |
| 18:48 | Create | Archer |
| 18:50 | Build | House |
| 19:11 | Create | Villager (Male) |
| 19:23 | Age | Castle Age |
| 19:23 | Research | Crossbowman (upgrade) |
| 19:23 | Research | Crossbowman (upgrade) |
| 19:28 | Research | Bodkin Arrow |
| 19:29 | Research | Bodkin Arrow |
| 19:34 | Create | Villager (Male) |
| 19:42 | Create | Knight |
| 19:42 | Create | Knight |
| 19:50 | Create | Villager (Male) |
| 19:55 | Create | Villager (Male) |
| 19:56 | Create | Archer |
| 20:09 | Build | Farm |
| 20:27 | Create | Archer |
| 20:28 | Create | Villager (Male) |
| 20:30 | Build | University |
| 20:32 | Create | Villager (Male) |
| 20:32 | Create | Villager (Male) |
| 20:49 | Create | Villager (Male) |
| 20:57 | Build | Monastery |
| 20:58 | Build | Farm |
| 20:59 | Build | Farm |
| 21:00 | Create | Villager (Male) |
| 21:21 | Create | Archer |
| 21:21 | Create | Archer |
| 21:42 | Create | Villager (Male) |
| 21:45 | Research | Ballistics |
| 21:45 | Research | Ballistics |
| 21:45 | Create | Archer |
| 21:47 | Create | Monk |
| 21:57 | Create | Villager (Male) |
| 21:58 | Create | Archer |
| 21:58 | Build | Farm |
| 22:02 | Create | Archer |
| 22:19 | Create | Villager (Male) |
| 22:26 | Research | Bow Saw |
| 22:27 | Create | Villager (Male) |
| 22:35 | Create | Archer |
| 22:45 | Create | Villager (Male) |
| 23:00 | Create | Villager (Male) |
| 23:02 | Build | House |
Match timeline
| 2:00 | Gabi · first_building Barracks |
| 5:26 | RD | Kiko · wall_segment Palisade Wall x7 |
| 6:25 | RD | Kiko · wall_segment Palisade Wall x1 |
| 6:26 | RD | Kiko · wall_segment Palisade Wall x1 |
| 6:35 | RD | Kiko · wall_segment Palisade Wall x1 |
| 6:37 | RD | Kiko · wall_segment Palisade Wall x1 |
| 6:38 | RD | Kiko · wall_segment Palisade Wall x1 |
| 7:12 | RD | Kiko · wall_segment Palisade Wall x1 |
| 7:13 | RD | Kiko · wall_segment Palisade Wall x1 |
| 7:40 | RD | Kiko · first_building Barracks |
| 8:25 | RD | Kiko · age_up feudal |
| 8:32 | RD | Kiko · first_building Archery Range |
| 9:17 | Gabi · wall_segment Palisade Wall x4 |
| 9:21 | Gabi · wall_segment Palisade Wall x3 |
| 9:28 | Gabi · wall_segment Palisade Wall x3 |
| 9:34 | RD | Kiko · wall_segment Palisade Wall x1 |
| 9:50 | Gabi · wall_segment Palisade Wall x13 |
| 10:01 | RD | Kiko · wall_segment Palisade Wall x1 |
| 10:05 | Gabi · wall_segment Palisade Wall x3 |
| 10:15 | RD | Kiko · wall_segment Palisade Wall x1 |
| 10:16 | RD | Kiko · wall_segment Palisade Wall x1 |
| 10:24 | Gabi · wall_segment Palisade Wall x9 |
| 10:48 | Gabi · wall_segment Palisade Wall x5 |
| 11:03 | Gabi · wall_segment Palisade Wall x2 |
| 11:12 | Gabi · wall_segment Palisade Wall x8 |
| 11:35 | Gabi · age_up feudal |
| 11:58 | RD | Kiko · wall_segment Palisade Wall x1 |
| 12:11 | Gabi · first_building Archery Range |
| 16:48 | RD | Kiko · first_building Stable |
| 17:47 | Gabi · first_market_sell 100 stone |
| 17:47 | Gabi · first_market_buy 100 food |
| 19:23 | RD | Kiko · age_up castle |
| 19:25 | Gabi · wall_segment Palisade Wall x1 |
| 19:27 | RD | Kiko · first_market_buy 100 food |
| 20:57 | RD | Kiko · first_building Monastery |
| 21:02 | Gabi · age_up castle |
| 21:08 | Gabi · first_building Monastery |
| 21:12 | Gabi · wall_segment Palisade Wall x1 |
| 21:25 | RD | Kiko · first_market_sell 100 stone |
| 24:09 | RD | Kiko · first_building Siege Workshop |
| 26:54 | Gabi · first_building Siege Workshop |
| 28:13 | Gabi · first_building Stable |
| 33:48 | Gabi · first_building Castle |
| 35:32 | Gabi · age_up imperial |
| 35:55 | Gabi · wall_segment Stone Wall x6 |
| 36:34 | Gabi · wall_segment Stone Wall x3 |
| 37:44 | RD | Kiko · age_up imperial |
| 39:13 | Gabi · wall_segment Stone Wall x1 |
| 49:52 | RD | Kiko · first_building Castle |
| 54:58 | RD | Kiko · resign |
[ AI ANALYSIS · 1 CREDIT ]
What really happened in this match?
Wolo.gg analyzes every decision: build order, eco, micro, common mistakes by bracket. Personalized analysis on WhatsApp or Discord in 30 seconds.
Civ guide
Vikings
Perfil
Jugador #2444511